 Dungeon Crawl Stone Soup version 0.14.1-26-g5a19342 (webtiles) character file.

5203 Kae the Martial Artist (level 10, -2/71 HPs)
             Began as a Purple Draconian Transmuter on July 24, 2014.
             Was a Priest of Makhleb.
             Slain by Grum
             ... wielding a +0,+0 spear
              (12 damage)
             ... on Level 8 of the Dungeon.
             The game lasted 00:23:33 (14245 turns).

Kae the Martial Artist (DrTm)                      Turns: 14245, Time: 00:23:33

HP  -2/71        AC  2     Str 13      XL: 10   Next: 25%
MP  15/17        EV 19     Int 13      God: Makhleb [***...]
Gold 349         SH  0     Dex 20      Spells:  4 memorised,  2 levels left

rFire  . . .     SeeInvis .       - Unarmed
rCold  . . .     Clarity  .     (armour unavailable)
rNeg   . . .     Conserve .     (shield currently unavailable)
rPois  x         rCorr    .     (helmet currently unavailable)
rElec  .         rRot     .     y - melded +2 cloak
SustAb . .       Spirit   .     (gloves currently unavailable)
rMut   .         Warding  .     (boots currently unavailable)
Saprov . . .     Stasis   .     (no amulet)
MR     +....                    (no ring)
                                (no ring)

@: spider-form (expiring), quick, somewhat resistant to hostile enchantments,
fairly stealthy
A: (breathe power), unfitting armour, AC +7
a: End Transformation, Minor Destruction, Lesser Servant of Makhleb, Renounce
Religion


You were on level 8 of the Dungeon.
You worshipped Makhleb.
Makhleb was most pleased with you.
You were not hungry.
You were in spider-form.
You visited 2 branches of the dungeon, and saw 9 of its levels.
You also visited: Sewer.

You collected 484 gold pieces.
You spent 135 gold pieces at shops.

Inventory:

Missiles
 n - 18 darts (quivered)
 r - a tomahawk
Armour
 y - a +2 cloak (melded)
Magical devices
 e - a wand of paralysis (4)
 l - a wand of paralysis (6)
 s - a wand of confusion (8)
Comestibles
 a - 10 bread rations
 f - a lemon
 t - a meat ration
 C - an apple
 D - a chunk of worker ant flesh
 E - 13 grapes
Scrolls
 b - 3 scrolls of remove curse
 g - 3 scrolls of amnesia
 k - 2 scrolls of enchant armour
 z - 2 scrolls of magic mapping {unknown}
 A - 2 scrolls of identify
 B - a scroll of enchant weapon II
Jewellery
 j - a cursed ring of teleportation
Potions
 c - a potion of restore abilities
 h - 2 potions of brilliance {unknown}
 i - a potion of resistance {unknown}
 o - a potion of magic {unknown}
 p - a potion of cure mutation {unknown}
 q - a potion of paralysis
 u - 2 potions of invisibility {unknown}
 v - 2 potions of curing
 w - 4 potions of poison {unknown}
Books
 d - a book of Changes

   Spells                             Type                      Level
   *Beastly Appendage                 Transmutation                1
   *Sticks to Snakes                  Transmutation                2
   *Spider Form                       Transmutation/Poison         3
   Ice Form                           Ice/Transmutation            4
   *Blade Hands                       Transmutation                5
 m - a book of the Earth

   Spells                             Type                      Level
   Leda's Liquefaction                Hexes/Earth                  4
   Bolt of Magma                      Conjuration/Fire/Earth       5
   Statue Form                        Transmutation/Earth          6
   Iron Shot                          Conjuration/Earth            6
   Shatter                            Earth                        9


   Skills:
 - Level 1.1 Fighting
 - Level 1.7 Dodging
 * Level 12.5 Unarmed Combat
 - Level 2.4 Spellcasting
 + Level 8.9 Transmutations


You had 2 spell levels left.
You knew the following spells:

 Your Spells              Type           Power        Failure   Level  Hunger
a - Beastly Appendage     Trmt           ###...       4%          1    #......
b - Sticks to Snakes      Trmt           ###.......   4%          2    ###....
c - Spider Form           Trmt/Pois      ##........   28%         3    ####...
d - Blade Hands           Trmt           ###.......   36%         5    ######.


Dungeon Overview and Level Annotations

Branches:
Dungeon (8/15)             Temple (1/1) D:5            Lair (0/8) D:8

Altars:
Ashenzari
Cheibriados
Dithmenos
Elyvilon
Fedhas
Kikubaaqudgha
Makhleb
Nemelex Xobeh
Okawaru
Sif Muna
Trog
Vehumet
Xom
Yredelemnul
Zin
The Shining One

Shops:
D:8 [

Annotations:
D:8 Grum


Message History

Drink which item? (? for menu, Esc to quit)
You feel much better. Grum hits you with a spear.
You hit Grum.
Grum is moderately wounded.
You bite Grum!
Grum looks even sicker.
Grum is heavily wounded.
Grum hits you with a spear!
* * * LOW HITPOINT WARNING * * *
You completely miss Grum.
Grum is severely wounded.
Grum drinks a potion.
Grum is healed!
You hit Grum.
Grum is moderately wounded.
You hit Grum but do no damage.
Grum is moderately wounded.
Grum barely misses you.
You bite Grum!
Grum is severely wounded.
Grum hits you with a spear!
You die...

...##.###########.##....#.##.
..###...###........#.........
#.# #<.......................
#.###.....#.#####..####.....
..........#.# #...# ....
#.###.....#.# #.#.# ..# #.#
##...##.# #.#.# . #.#
##.###.# #g#.# #.# #.###.##
#s#.. #.#####......# #.###
#............###.#
########.........#
#.....##### #.....# #######


You could see Grum.

Vanquished Creatures
  The ghost of lisu the Shield-Bearer, an experienced MiFi of Makhleb (D:6)
  A komodo dragon (D:8)
  Prince Ribbit (D:6)
  A spriggan (D:7)
  2 wyverns
  A wolf (D:8)
  2 water moccasins
  2 ogres
  A phantom (D:4)
  A centaur (D:5)
  A black bear (D:8)
  3 giant frogs
  A big kobold (Sewer)
  A gnoll sergeant (D:6)
  A scorpion (D:6)
  3 killer bees (D:7)
  8 wights
  A goliath beetle (D:7)
  3 hounds
  A big fish (Sewer)
  3 crimson imps
  A centaur skeleton (D:5)
  6 human zombies (D:7)
  A jelly (D:7)
  A giant frog skeleton (D:8)
  Crazy Yiuf (D:7)
  2 gnoll shamans
  A quasit (D:7)
  2 orc priests (D:5)
  A human skeleton (D:7)
  2 iguanas
  7 worker ants
  2 sky beast zombies
  2 ogre skeletons (D:7)
  3 mummies (D:7)
  51 gnolls
  A green rat (Sewer)
  A worker ant zombie (D:7)
  8 adders
  3 giant mites
  3 worms
  2 adder skeletons
  An adder zombie (D:5)
  2 orc skeletons
  A giant eyeball (D:7)
  3 giant geckos
  An ooze (D:2)
  6 orcs
  A ball python (D:3)
  11 giant cockroaches
  17 goblins
  7 hobgoblins
  20 jackals
  19 kobolds
  5 quokkas
  12 bats
  3 giant newts
  A hobgoblin skeleton (D:4)
  A jackal skeleton (D:6)
  A kobold skeleton (D:4)
  An orc zombie (D:8)
  19 rats
  4 ballistomycetes (D:6)
276 creatures vanquished.

Vanquished Creatures (collateral kills)
  A goliath beetle (D:6)
  An iguana (D:4)
2 creatures vanquished.

Vanquished Creatures (others)
  A giant spore (D:6)
  A plant (D:8)
2 creatures vanquished.

Grand Total: 280 creatures vanquished

Notes
Turn   | Place    | Note
--------------------------------------------------------------
     0 | D:1      | Kae, the Draconian Transmuter, began the quest for the Orb.
     0 | D:1      | Reached XP level 1. HP: 16/16 MP: 3/3
   302 | D:1      | Reached XP level 2. HP: 23/23 MP: 4/4
   691 | D:1      | Reached skill level 4 in Unarmed Combat
   744 | D:1      | Reached XP level 3. HP: 6/28 MP: 6/6
  1938 | D:2      | Found an ancient bone altar of Kikubaaqudgha.
  1942 | D:2      | Found a white marble altar of Elyvilon.
  1947 | D:2      | Found a shimmering altar of Xom.
  2099 | D:3      | Reached XP level 4. HP: 35/35 MP: 7/7
  2152 | D:3      | Learned a level 2 spell: Sticks to Snakes
  2156 | D:3      | Learned a level 3 spell: Spider Form
  2944 | D:3      | Reached skill level 5 in Unarmed Combat
  2966 | D:3      | Reached XP level 5. HP: 20/40 MP: 3/9
  3346 | D:4      | Found a glowing drain.
  3466 | Sewer    | Entered a sewer
  3780 | Sewer    | Reached skill level 6 in Unarmed Combat
  3780 | Sewer    | Reached XP level 6. HP: 16/47 MP: 10/10
  4077 | Sewer    | Found a glowing silver altar of Zin.
  4445 | D:4      | HP: 2/47 [gnoll/halberd of freezing (17)]
  4760 | D:4      | Noticed a phantom
  4797 | D:4      | Killed a phantom
  5182 | D:4      | Noticed an ogre
  5199 | D:4      | Killed an ogre
  5199 | D:4      | Reached skill level 7 in Unarmed Combat
  5199 | D:4      | Your scales start taking on a rich purple colour.
  5199 | D:4      | Reached XP level 7. HP: 38/52 MP: 6/12
  5258 | D:4      | Noticed a water moccasin
  5275 | D:4      | Killed a water moccasin
  5296 | D:4      | HP: 2/52 [poisoned by a water moccasin]
  5304 | D:4      | HP: 1/52 [poisoned by a water moccasin]
  5855 | D:5      | Entered Level 5 of the Dungeon
  5861 | D:5      | Found a bloodstained altar of Trog.
  5876 | D:5      | Reached skill level 5 in Transmutations
  6475 | D:5      | Reached skill level 8 in Unarmed Combat
  6494 | D:5      | Found a staircase to the Ecumenical Temple.
  6513 | Temple   | Entered the Ecumenical Temple
  6556 | Temple   | Became a worshipper of Makhleb the Destroyer
  6893 | D:6      | Reached XP level 8. HP: 37/59 MP: 14/14
  8091 | D:6      | Reached skill level 9 in Unarmed Combat
  8291 | D:6      | Acquired Makhleb's first power
  9177 | D:6      | Noticed lisu's ghost (experienced MiFi)
  9391 | D:6      | Killed lisu's ghost
  9391 | D:6      | Reached skill level 10 in Unarmed Combat
  9391 | D:6      | Reached XP level 9. HP: 36/64 MP: 15/15
  9816 | D:6      | Acquired Makhleb's second power
 10636 | D:6      | Reached skill level 11 in Unarmed Combat
 10680 | D:6      | Noticed Prince Ribbit
 10695 | D:6      | Killed Prince Ribbit
 10837 | D:6      | Learned a level 5 spell: Blade Hands
 10884 | D:7      | Acquired Makhleb's third power
 10911 | D:7      | Paralysed by a giant eyeball for 2 turns
 10918 | D:7      | Paralysed by a giant eyeball for 2 turns
 11404 | D:7      | Found an ancient bone altar of Kikubaaqudgha.
 11907 | D:7      | Noticed Crazy Yiuf
 11915 | D:7      | Killed Crazy Yiuf
 12112 | D:7      | Found a sparkling altar of Nemelex Xobeh.
 12509 | D:7      | Reached skill level 12 in Unarmed Combat
 12509 | D:7      | Reached XP level 10. HP: 67/71 MP: 17/17
 13091 | D:8      | Found a staircase to the Lair.
 14138 | D:8      | Found Kuathraub's Antique Armour Shoppe.
 14157 | D:8      | Bought a pair of runed boots for 135 gold pieces
 14220 | D:8      | Noticed Grum
 14245 | D:8      | Slain by Grum

Action                   |  1- 3 |  4- 6 |  7- 9 | 10-12 || total
-------------------------+-------+-------+-------+-------++-------
Melee: Unarmed           |   147 |   240 |   673 |   100 ||  1160
Throw: Dart              |       |       |    23 |       ||    23
       Throwing net      |       |       |     1 |       ||     1
       Tomahawk          |       |       |     1 |       ||     1
 Cast: Beastly Appendage |    17 |    12 |    50 |     6 ||    85
       Spider Form       |       |     4 |     9 |     4 ||    17
       Sticks to Snakes  |       |     5 |     6 |       ||    11
 Abil: Breathe Dispellin |       |       |     1 |       ||     1
Evoke: Wand              |       |       |     3 |       ||     3
  Use: Potion            |     1 |     3 |     8 |     1 ||    13
       Scroll            |       |     9 |     7 |       ||    16
 Stab: Sleeping          |     1 |     1 |     2 |     1 ||     5
       Distracted        |       |       |     1 |       ||     1
